 Dungeon Crawl Stone Soup version 0.24-a0-434-gd57e52fea8 (webtiles) character file.

Game seed: 16850750600371333953

269 vurker the Chopper (level 6, 0/48 HPs)
             Began as a Demonspawn Gladiator on June 16, 2019.
             Slain by Grinder (5 damage)
             ... on level 3 of the Dungeon.
             The game lasted 00:04:09 (1953 turns).

vurker the Chopper (Demonspawn Gladiator)           Turns: 1953, Time: 00:04:09

Health: 0/48       AC:  5    Str: 17    XL:     6   Next: 1%
Magic:  6/6        EV: 17    Int:  9    God:
Gold:   179        SH:  0    Dex: 19    Spells: 5/5 levels left

rFire    + . .     SeeInvis .   a - +0 war axe
rCold    . . .     Gourm    .   (no shield)
rNeg     . . .     Faith    .   h - +0 ring mail
rPois    .         Spirit   .   (helmet restricted)
rElec    .         Reflect  .   (no cloak)
rCorr    .         Harm     .   (no gloves)
MR       .....                  (no boots)
Stlth    ++........             (no amulet)
HPRegen  0.16/turn              (no ring)
MPRegen  0.10/turn              (no ring)

@: agile
A: horns 1, fire resistance 1, powered by death 1, flame cloud immunity
a: no special abilities


You were on level 3 of the Dungeon.
You were not hungry.

You visited 1 branch of the dungeon, and saw 3 of its levels.

You collected 179 gold pieces.

Inventory:

Hand Weapons
 a - a +0 war axe (weapon)
Armour
 c - a +0 helmet
 h - a +0 ring mail (worn)
   (You found it on level 1 of the Dungeon)
Jewellery
 b - an uncursed ring of poison resistance {unknown}
   (You found it on level 2 of the Dungeon)
Wands
 t - a wand of flame (20)
   (You found it on level 3 of the Dungeon)
Scrolls
 i - 3 scrolls of remove curse {unknown}
 l - a scroll of identify {unknown}
 m - a scroll of magic mapping {unknown}
 n - a scroll of enchant armour {unknown}
 p - 3 scrolls of amnesia {unknown}
 q - a scroll of random uselessness {unknown}
Potions
 f - a potion of lignification {unknown}
 g - a potion of heal wounds {unknown}
 j - a potion of agility
 o - a potion of cancellation {unknown}
 r - a potion of curing {unknown}
Comestibles
 e - 10 rations {!d}
 k - 4 chunks of flesh


   Skills:
 + Level 3.8 Fighting
 * Level 5.3 Axes
 - Level 1.7 Throwing
 - Level 2.6 Dodging


You had 5 spell levels left.
You didn't know any spells.
Your spell library was empty.

Dungeon Overview and Level Annotations

Branches:
Dungeon (3/15)

Altars:

Annotations:
D:3 1 transporter, Grinder


Innate Abilities, Weirdness & Mutations

You have a pair of small horns on your head.
Your flesh is heat resistant. (rF+)
You regenerate a little health from kills.
You are immune to clouds of flame.


Message History

Really fire
d - a throwing net {!f}?
You throw a throwing net {!f}. The throwing net {!f} hits Grinder.
Grinder is caught in the net!
Grinder drinks a potion.
Grinder seems to speed up.
Grinder struggles against the net.
You hit Grinder but do no damage.
Grinder says, "DUCK!"
Grinder blinks!
You hit Grinder but do no damage. Grinder hits you but does no damage.
Grinder completely misses you.
You hit Grinder. Your headbutt misses Grinder. Grinder gestures at you.
You resist with significant effort. Grinder gestures at you.
Pain shoots through your body!
You slash Grinder! Grinder gestures at you.
You suddenly lose the ability to move!
Grinder hits you but does no damage. Grinder hits you.
You writhe in agony.
Grinder hits you.
* * * LOW HITPOINT WARNING * * *
You writhe in agony.
* * * LOW HITPOINT WARNING * * *
Grinder blinks!
You can move again.
d - a throwing net {!f} Throwing (i - inventory)
d - a throwing net (quivered)
{!f}
Aim: Grinder (moderately wounded, fast) Really fire
d - a throwing net {!f}?
You throw a throwing net {!f}. The throwing net {!f} hits Grinder.
Grinder is caught in the net!
Grinder struggles against the net.
You are too injured to fight recklessly!
You are too injured to fight recklessly!
You are too injured to fight recklessly!
Grinder says, "Tell me all your secrets, or I'll kill you."
Grinder struggles against the net. x2
The net rips apart, and Grinder comes free!
Grinder closely misses you.
The gnoll shouts!
You slash Grinder! You headbutt Grinder. Grinder hits you but does no damage.
Grinder hits you!
* * * LOW HITPOINT WARNING * * *
You writhe in agony.
* * * LOW HITPOINT WARNING * * *
It was a potion of agility.
You feel agile all of a sudden. Grinder hits you.
* * * LOW HITPOINT WARNING * * *
Grinder hits you.
* * * LOW HITPOINT WARNING * * *
You writhe in agony.
You die...

# ######.#
#......#
#.@###.###
#5........
#..≈≈≈≈≈≈≈≈
#..≈≈≈≈≈≈≈≈≈
#..≈≈#####..
#..≈≈#g8.# #
#..≈≈#gg.#
#..≈≈###..
#..≈≈.8#.#


You could see Grinder, a gnoll shaman and 2 gnolls.

Vanquished Creatures
  An ice beast (D:3)
  An orc wizard (D:3)
  Terence (D:2)
  Robin (D:2)
  A gnoll (D:1)
  An adder (D:2)
  An ooze (D:1)
  2 dart slugs
  2 leopard geckos (D:1)
  6 orcs (D:3)
  2 bats
  4 giant cockroaches
  15 goblins
  9 hobgoblins
  3 jackals (D:1)
  6 kobolds
  2 quokkas (D:2)
  A ball python (D:2)
  4 frilled lizards
  9 rats
72 creatures vanquished.

Vanquished Creatures (others)
  A hobgoblin (D:2)
1 creature vanquished.

Grand Total: 73 creatures vanquished

Notes
Turn   | Place    | Note
-------+----------+-------------------------------------------
     0 | D:1      | vurker the Demonspawn Gladiator began the quest for the
                  | Orb.
     0 | D:1      | Reached XP level 1. HP: 16/16 MP: 1/1
   154 | D:1      | Reached skill level 3 in Axes
   159 | D:1      | Gained mutation: Your flesh is heat resistant. (rF+)
                  | [demonic ancestry]
   159 | D:1      | Reached XP level 2. HP: 16/22 MP: 2/2
   675 | D:1      | Gained mutation: You are immune to clouds of flame.
                  | [demonic ancestry]
   675 | D:1      | Reached XP level 3. HP: 28/28 MP: 3/3
   956 | D:2      | Noticed Terence
   967 | D:2      | Killed Terence
   967 | D:2      | Reached skill level 4 in Axes
   967 | D:2      | Gained mutation: You regenerate a little health from kills.
                  | [demonic ancestry]
   967 | D:2      | Reached XP level 4. HP: 29/34 MP: 4/4
  1236 | D:2      | Noticed Robin
  1259 | D:2      | Killed Robin
  1542 | D:3      | Noticed an ice beast
  1558 | D:3      | Killed an ice beast
  1558 | D:3      | Reached skill level 5 in Axes
  1558 | D:3      | Gained mutation: You have a pair of small horns on your
                  | head. [demonic ancestry]
  1558 | D:3      | Reached XP level 5. HP: 26/42 MP: 5/5
  1857 | D:3      | Reached XP level 6. HP: 42/48 MP: 6/6
  1906 | D:3      | Found a transporter.
  1938 | D:3      | Noticed Grinder
  1944 | D:3      | Paralysed by Grinder for 3 turns
  1953 | D:3      | Slain by Grinder

Levels and vault maps discovered:
D:1:      roderic_crossed_star, layout_basic, minmay_stone_trees_small,
          minmay_rat_gold_closets
D:2:      layout_basic, uniq_terence, uniq_robin
D:3:      layout_loops_ring, gammafunk_ghost_gnarly_gnolls, first_ration,
          uniq_grinder

Skill      XL: |  1  2  3  4 |
---------------+-------------+-----
Axes           | 3 4 5 |  5.3
Fighting       | 3 |  3.8
Throwing       | |  1.7
Dodging        | |  2.6

Action                   |  1- 3 |  4- 6 || total
-------------------------+-------+-------++-------
Melee: War axe           |    64 |   133 ||   197
       Headbutt          |       |     6 ||     6
Throw: Throwing net      |     5 |     3 ||     8
  Use: Potion            |       |     1 ||     1
 Stab: Held in net/web   |       |     1 ||     1
  Eat: Chunk             |       |     4 ||     4
Armor: Leather armour    |     8 |       ||     8
       Ring mail         |    12 |    81 ||    93
Dodge: Dodged            |    37 |   105 ||   142

Table legend:
 A = Non-vault XP
 B = Vault XP
 C = Vault XP percentage of total XP
 D = Non-vault monster count
 E = Vault monster count
 F = Vault count percentage of total count
                 A         B        C        D         E       F
            +---------+---------+-------+---------+---------+-------
      Total |     306 |      79 |  20.5 |      55 |      18 |  24.7
            +---------+---------+-------+---------+---------+-------
        D:1 |      48 |       4 |   7.7 |      14 |       4 |  22.2
        D:2 |      48 |      75 |  61.0 |      21 |      14 |  40.0
        D:3 |     210 |       0 |   0.0 |      20 |       0 |   0.0
            +---------+---------+-------+---------+---------+-------
